AoeStats
← Trainer

Arena

504289830Analyzed
2v2 RM · 28d ago on Sep 4, 2026· 44m 57s· 4 players
Game mode
Random Map
Map size
Medium (4 player)
Population
200
Speed
Normal
Resources
Standard
Victory
Conquest
Starting age
Dark Age
Ending age
Imperial Age
RankedLock teamsTeams togetherTeam positionsShared explorationLock speedFull tech treeHidden civsTurbo modeCheats
Victory
Defeat
🇫🇷 Spanish · France
1203
+10
🇲🇽 Maya · Mexico
1111
+14
🇹🇷 Persians · Türkiye
1163
-16
🇹🇷 Celts · Türkiye
980
-8
^1Hellraiser ^2Ma^7Ca^1Na
0:53 Loom
10:24 Feudal Age
10:47 Horse Collar
11:05 Double-Bit Axe
12:23 Wheelbarrow
18:56 Castle Age
17:54 Forging
18:18 Scale Mail Armor
19:39 Heavy Plow
19:52 Bow Saw
19:37 Pikeman
29:51 Imperial Age
28:34 Chain Mail Armor
28:36 Fletching
29:56 Squires
30:03 Padded Archer Armor
29:58 Bodkin Arrow
31:39 Conscription
33:33 Two-Man Saw
33:55 Arson
36:14 Chemistry
35:09 Halberdier
36:29 Elite Plumed Archer
37:40 Bracer
39:08 Man-at-Arms
40:13 Long Swordsman
41:30 Plate Mail Armor
41:36 Iron Casting
41:12 Two-Handed Swordsman
44:21 Leather Archer Armor
45:07 Blast Furnace
dorshiffe10
10:13 Feudal Age
11:41 Loom
14:01 Castle Age
12:43 Double-Bit Axe
13:14 Horse Collar
15:38 Bow Saw
17:03 Wheelbarrow
17:05 Heavy Plow
22:02 Gold Mining
23:58 Bloodlines
24:08 Scale Barding Armor
25:14 Chain Barding Armor
26:23 Husbandry
30:23 Imperial Age
28:06 Forging
28:11 Fletching
29:34 Iron Casting
31:22 Sanctity
31:46 Ballistics
31:54 Block Printing
32:15 Theocracy
31:53 Guard Tower
32:14 Masonry
32:00 Murder Holes
33:06 Chemistry
32:18 Thumb Ring
32:13 Bodkin Arrow
32:21 Padded Archer Armor
33:22 Blast Furnace
32:40 Stone Mining
33:07 Guilds
33:05 Arrowslits
34:34 Hand Cart
34:15 Cavalier
35:48 Leather Archer Armor
36:40 Plate Barding Armor
37:14 Inquisition
37:34 Conscription
37:47 Illumination
37:34 Redemption
38:13 Ring Archer Armor
37:44 Bracer
38:46 Scale Mail Armor
39:38 Keep
40:00 Architecture
40:03 Supremacy
39:13 Sappers
40:19 Hoardings
39:59 Gambesons
39:34 Man-at-Arms
40:15 Squires
40:00 Arson
40:32 Chain Mail Armor
40:44 Long Swordsman
41:55 Plate Mail Armor
42:09 Heavy Cavalry Archer
43:21 Two-Handed Swordsman
45:33 Two-Man Saw
44:32 Town Watch
MW.ItsyBitsy
10:09 Feudal Age
14:13 Castle Age
12:43 Double-Bit Axe
12:40 Horse Collar
15:05 Bow Saw
19:32 Wheelbarrow
19:43 Gold Mining
25:21 Imperial Age
22:49 Stone Mining
23:08 Loom
25:02 Gold Shaft Mining
25:30 Hand Cart
25:57 Scale Mail Armor
25:46 Pikeman
26:07 Capped Ram
28:14 Halberdier
29:55 Chain Mail Armor
29:50 Forging
33:10 Two-Man Saw
31:59 Siege Ram
33:16 Conscription
33:29 Squires
34:18 Forging
35:11 Plate Mail Armor
36:38 Iron Casting
36:32 Fletching
36:45 Padded Archer Armor
36:45 Elite Skirmisher
39:10 Blast Furnace
38:06 Bodkin Arrow
38:42 Thumb Ring
42:09 Ballistics
42:51 Chemistry
42:18 Leather Archer Armor
Trainer
12:39 Feudal Age
15:31 Loom
17:49 Castle Age
16:12 Double-Bit Axe
16:48 Horse Collar
17:28 Gold Mining
17:52 Stone Mining
21:04 Gold Shaft Mining
20:37 Heavy Plow
24:51 Bow Saw
27:28 Wheelbarrow
27:42 Town Watch
27:45 Loom
28:40 Forging
29:13 Scale Mail Armor
30:14 Man-at-Arms
30:43 Arson
34:28 Imperial Age
33:28 Hand Cart
33:18 Long Swordsman
35:59 Iron Casting
36:45 Conscription
35:48 Capped Ram
36:30 Two-Handed Swordsman
38:33 Chain Mail Armor
38:40 Fletching
39:37 Padded Archer Armor
40:50 Champion
Connection lost

Rejoining the realm…

Still unreachable

The connection could not be restored.

Session expired

The server has moved on; the page needs a fresh start.